 Dungeon Crawl Stone Soup version 0.29-a0-283-ga02f740833 (webtiles) character file.

Game seed: 14023002678385537412

10667 siradein the Fighter (level 11, 0/128 HPs)
             Began as an Ogre Berserker on Mar 11, 2022.
             Was a High Priest of Trog.
             Slain by a five-headed hydra (13 damage)
             ... on level 10 of the Dungeon on Mar 13, 2022.
             The game lasted 00:42:09 (13487 turns).

siradein the Fighter (Ogre Berserker)              Turns: 13487, Time: 00:42:10

Health: 0/128      AC:  5    Str: 23    XL:     11   Next: 65%
Magic:  11/11      EV: 18    Int:  8    God:    Trog [*****.]
Gold:   516        SH:  0    Dex: 15    Spells: 10/10 levels left

rFire   . . .      SeeInvis .   H - +4 flail (freeze)
rCold   . . .      Faith    .   (no shield)
rNeg    . . .      Spirit   .   N - +0 troll leather armour
rPois   .          Reflect  .   (helmet restricted)
rElec   .          Harm     .   (no cloak)
rCorr   +          Rampage  .   (gloves unavailable)
Will    +++..                   (boots unavailable)
Stlth   ++........              F - amulet of regeneration
HPRegen 2.91/turn               l - ring "Raf Pok" {rCorr EV+4 Dex+3 Stlth+}
MPRegen 0.12/turn               x - ring of flight

@: strong-willed, flying, regenerating
A: large, unfitting armour, tough skin 1
a: Renounce Religion, Berserk, Trog's Hand, Brothers in Arms


You were on level 10 of the Dungeon.
You worshipped Trog.
Trog was extremely pleased with you.
You visited 1 branch of the dungeon, and saw 11 of its levels.

You collected 516 gold pieces.

Inventory:

Hand Weapons
 D - a +0 morningstar
 H - a +4 flail of freezing (weapon)
 L - a +0 giant spiked club
Missiles
 c - 166 stones
 f - 11 poisoned darts (quivered)
 s - 2 throwing nets
 v - 2 silver boomerangs
 y - 2 boomerangs
 G - 2 boomerangs of dispersal
 I - a curare-tipped dart
Armour
 N - a +0 troll leather armour (worn)
Jewellery
 l - the ring "Raf Pok" (left hand) {rCorr EV+4 Dex+3 Stlth+}
   (You took it off a kobold on level 3 of the Dungeon)

   [ring of evasion]

   EV:        It affects your evasion (+4).
   Dex:       It affects your dexterity (+3).
   rCorr:     It protects you from acid and corrosion.
   Stlth:     It makes you more stealthy.
 x - a ring of flight (right hand)
 A - an amulet of magic regeneration
 E - a ring of magical power
 F - an amulet of regeneration (around neck)
 J - an amulet of guardian spirit
 K - a ring of resist corrosion
Wands
 P - a wand of paralysis (4)
 Q - a wand of digging (3)
Scrolls
 a - a scroll of silence
 b - 2 scrolls of immolation {unknown}
 h - 3 scrolls of amnesia {unknown}
 n - a scroll of fear {unknown}
 p - 5 scrolls of teleportation
 t - a scroll of holy word {unknown}
 u - a scroll of summoning {unknown}
 w - a scroll of acquirement
 C - a scroll of fog {unknown}
 M - a scroll of brand weapon
Potions
 d - 2 potions of lignification {unknown}
 e - 3 potions of heal wounds
 g - 4 potions of attraction
 i - a potion of haste {unknown}
 j - 6 potions of curing
 k - 4 potions of flight
 m - a potion of degeneration {unknown}
 o - 3 potions of invisibility
 q - 5 potions of might
 r - a potion of cancellation {unknown}
 z - a potion of berserk rage {unknown}
 B - 3 potions of mutation {unknown}
 O - a potion of magic {unknown}


   Skills:
 + Level 13.6 Fighting
 + Level 9.7 Maces & Flails
 + Level 3.6 Armour
 + Level 9.7 Dodging


You had 10 spell levels left.
You didn't know any spells.
Your spell library was empty.

Dungeon Overview and Level Annotations

Branches:
Dungeon (11/15)            Temple (0/1) D:5
   Lair: D:8-11         Orc: D:9-12

Altars:
Elyvilon
Fedhas
Qazlal
Trog
Yredelemnul
Zin
Beogh

Shops:
D:9 (   D:10 =

Annotations:
D:9 exclusion: orange crystal statue


Innate Abilities, Weirdness & Mutations

You are too large for most types of armour.
You have tough skin. (AC +1)


Message History

The five-headed hydra attacks as you move away!
The five-headed hydra closely misses you.
The five-headed hydra bites you! The five-headed hydra misses you.
The five-headed hydra barely misses you. x2
The five-headed hydra attacks as you move away!
The five-headed hydra closely misses you.
The five-headed hydra bites you.
The five-headed hydra closely misses you.
The five-headed hydra bites you but does no damage.
The five-headed hydra bites you.
The five-headed hydra attacks as you move away!
The five-headed hydra bites you!
* * * LOW HITPOINT WARNING * * *
The five-headed hydra bites you!
* * * LOW HITPOINT WARNING * * *
The five-headed hydra closely misses you.
The five-headed hydra bites you.
* * * LOW HITPOINT WARNING * * *
The five-headed hydra barely misses you.
There is a stone staircase leading up here.
The five-headed hydra barely misses you.
The five-headed hydra bites you.
* * * LOW HITPOINT WARNING * * *
The five-headed hydra barely misses you. x3
You fly upwards.
There is a stone staircase leading down here.
Unknown command.
The five-headed hydra attacks as you move away!
The five-headed hydra closely misses you.
The five-headed hydra completely misses you.
The five-headed hydra barely misses you.
The five-headed hydra bites you.
* * * LOW HITPOINT WARNING * * *
The five-headed hydra bites you!
* * * LOW HITPOINT WARNING * * *
Your skin crawls.
You feel strong-willed.
The five-headed hydra bites you but does no damage.
The five-headed hydra bites you!
You die...

####.# #...._# #.#
#.....# #.#
#.....###### # #.#
#######...)# ##
#.# #.# ####)# .#
#.# #.# #)#
####.#######.#####
#[#
###..............#
#)#
.......#####.###@#
#.# ........# #.#
#D# #.# .#...##.#
#.###.###.#
.#...##.#
#.........#
.....##.#
#####.#####
.#.#'##.# ##.##
........# ##...##
.......##
##.###.##
#.......## #.##
##.#


You could see a five-headed hydra.

Vanquished Creatures
  A two-headed ogre (D:10)
  A boulder beetle (D:11)
  Pikel (D:8)
  A komodo dragon (D:10)
  A kobold demonologist (D:10)
  A freezing wraith (D:10)
  3 trolls
  A wyvern (D:9)
  A shadow (D:10)
  2 wraiths (D:9)
  12 yaks
  Eustachio (D:5)
  A steam dragon (D:8)
  2 acid dragons (D:9)
  2 wargs (D:11)
  A water moccasin (D:5)
  2 orc warriors
  4 sky beasts
  2 ice beasts (D:6)
  4 black bears
  2 centaurs
  4 ogres
  A necrophage (D:7)
  4 bullfrogs
  2 kobold brigands
  2 gnoll sergeants
  13 wights
  3 killer bees (D:11)
  11 lava snakes
  4 jellies
  A gnoll shaman (D:9)
  5 orc priests
  5 hounds
  3 iguanas
  Jessica (D:2)
  5 orc wizards
  10 adders
  16 gnolls
  A shadow imp (D:7)
  2 ufetubi
  5 worms
  2 dart slugs
  51 orcs
  12 endoplasms
  7 giant cockroaches
  6 hobgoblins
  19 kobolds
  12 ball pythons
  4 bats
  5 frilled lizards
  9 goblins
  8 rats
279 creatures vanquished.

Vanquished Creatures (others)
  A fungus (D:5)
  3 plants
4 creatures vanquished.

Grand Total: 283 creatures vanquished

Notes
Turn   | Place    | Note
-------+----------+-------------------------------------------
     0 | D:1      | siradein the Ogre Berserker began the quest for the Orb.
     0 | D:1      | Reached XP level 1. HP: 24/24 MP: 1/1
    88 | D:1      | Reached XP level 2. HP: 26/32 MP: 2/2
   317 | D:1      | Found a faded altar of an unknown god.
   818 | D:1      | Reached XP level 3. HP: 40/40 MP: 3/3
   895 | D:1      | Reached ** piety under Trog
  1654 | D:2      | Noticed Jessica
  1664 | D:2      | Killed Jessica
  1665 | D:2      | Reached skill level 5 in Fighting
  1665 | D:2      | Reached XP level 4. HP: 26/50 MP: 4/4
  2594 | D:3      | Reached XP level 5. HP: 40/57 MP: 5/5
  2694 | D:3      | Identified the ring "Raf Pok" {rCorr EV+4 Dex+3 Stlth+}
  3316 | D:3      | Noticed an ogre
  3334 | D:3      | Killed an ogre
  3335 | D:3      | Reached skill level 6 in Fighting
  3335 | D:3      | Reached XP level 6. HP: 67/67 MP: 6/6
  3337 | D:3      | Reached *** piety under Trog
  4238 | D:4      | Found a bloodstained altar of Trog.
  4711 | D:4      | Found a glowing silver altar of Zin.
  4838 | D:5      | Entered Level 5 of the Dungeon
  4844 | D:5      | Reached XP level 7. HP: 74/76 MP: 7/7
  4922 | D:5      | Noticed Eustachio
  4938 | D:5      | Killed Eustachio
  4939 | D:5      | Reached skill level 7 in Fighting
  5229 | D:5      | Reached skill level 5 in Maces & Flails
  5229 | D:5      | Reached skill level 5 in Dodging
  5634 | D:5      | Reached XP level 8. HP: 64/88 MP: 8/8
  5765 | D:5      | Found a stormy altar of Qazlal.
  5770 | D:5      | Found a blossoming altar of Fedhas.
  5931 | D:5      | Found a staircase to the Ecumenical Temple.
  5939 | D:5      | Reached **** piety under Trog
  6086 | D:6      | Reached skill level 8 in Fighting
  6658 | D:6      | Reached skill level 9 in Fighting
  6900 | D:6      | Found a white marble altar of Elyvilon.
  6919 | D:6      | Found a basalt altar of Yredelemnul.
  7283 | D:6      | Reached XP level 9. HP: 87/100 MP: 9/9
  7713 | D:7      | Reached skill level 10 in Fighting
  8702 | D:8      | Reached skill level 11 in Fighting
  8854 | D:8      | Reached XP level 10. HP: 107/109 MP: 10/10
  9393 | D:9      | Upgraded the game from 0.29-a0-275-g389c0b56f3 to
                  | 0.29-a0-283-ga02f740833
  9397 | D:9      | Noticed Pikel
  9420 | D:8      | Killed Pikel
  9533 | D:9      | Found Zuasaosodu's Weapon Shop.
  9746 | D:9      | Noticed an orange crystal statue
  9821 | D:9      | Reached skill level 12 in Fighting
 10988 | D:10     | Entered Level 10 of the Dungeon
 11011 | D:10     | Noticed a kobold demonologist
 11016 | D:10     | Killed a kobold demonologist
 11017 | D:10     | Reached skill level 1 in Armour
 11292 | D:10     | Reached XP level 11. HP: 95/124 MP: 11/11
 11304 | D:10     | Reached ***** piety under Trog
 11585 | D:10     | Reached skill level 13 in Fighting
 11902 | D:10     | Found Edaleze's Jewellery Shoppe.
 12195 | D:11     | Noticed a two-headed ogre
 12267 | D:11     | Noticed a five-headed hydra
 12348 | D:10     | Found Edaleze's Jewellery Shoppe.
 12936 | D:10     | Killed a two-headed ogre
 13264 | D:11     | Noticed a boulder beetle
 13297 | D:11     | Killed a boulder beetle
 13348 | D:11     | Noticed a death knight
 13352 | D:11     | Noticed a skeletal warrior
 13353 | D:11     | Noticed a skeletal warrior
 13424 | D:11     | Identified a scroll of acquirement
 13487 | D:10     | Slain by a five-headed hydra

Illustrated notes

Levels and vault maps discovered:
D:1:      minmay_arrival_doors, layout_basic,
          dreamdust_ecumenical_altar_statues, minmay_misc_feat_doors,
          minmay_pentomino_x2
D:2:      layout_loops_corners, uniq_jessica
D:3:      layout_basic, minmay_pentangle
D:4:      layout_rooms, zin_statuary, mainiacjoe_overflow_chevrons,
          grunt_ministairs_1, lightli_corner_chamber
D:5:      layout_loops_ring, grunt_temple_overflow_forces_of_nature,
          minmay_temple_entry_poolview, minmay_misc_feat_nine_boxes,
          kennysheep_nondescript, uniq_eustachio
D:6:      layout_cave_pools, nicolae_elyvilon_temple_path,
          mainiacjoe_overflow_concentric_impassable
D:7:      cheibrodos_helix_gallery, layout_basic, serial_glass, glass_columns_a,
          glass_columns_a, minivault_27, minmay_misc_feat_alley
D:8:      layout_loops_ring, grunt_ogre_cave
D:9:      minmay_evil_eye, layout_gridville, serial_shops, shop, st_stairs_7,
          disabler_island, uniq_pikel
D:10:     erik_rubicon_a, layout_loops_corners, serial_shops,
          nicolae_shop_behind_doors, special_room [special_room_orc]
D:11:     minmay_klotski, layout_cave_pools, erik_lair_orcish_takeover,
          serial_bayou_pond_d, minmay_joined_circles

Skill      XL: |  1  2  3  4  5  6  7  8  9 10 11 |
---------------+----------------------------------+-----
Dodging        | 3 4 5 6 7 9 |  9.7
Maces & Flails | 3 4 5 6 7 9 |  9.7
Fighting       | 5 6 7 9 11 12 13 | 13.6
Armour         | 1 3 |  3.6

Action                   |  1- 3 |  4- 6 |  7- 9 | 10-12 || total
-------------------------+-------+-------+-------+-------++-------
Melee: Mace              |   111 |    97 |       |       ||   208
       Punch             |       |     1 |     3 |     5 ||     9
       Flail             |       |   130 |   151 |   339 ||   620
       Giant club        |       |       |    15 |       ||    15
       Morningstar       |       |       |   168 |       ||   168
       Giant spiked club |       |       |       |    15 ||    15
Throw: Stone             |    14 |    32 |    63 |   117 ||   226
       Boomerang         |       |       |       |    22 ||    22
       Dart              |       |       |       |     7 ||     7
Invok: Berserk           |       |     2 |     2 |     2 ||     6
       Trog's Hand       |       |       |     2 |     1 ||     3
  Use: Scroll            |       |       |     6 |     7 ||    13
 Stab: Sleeping          |       |     3 |     4 |     2 ||     9
       Distracted        |       |       |       |     1 ||     1
Armor: Animal skin       |    33 |    38 |     7 |       ||    78
       Robe              |       |       |    68 |    17 ||    85
       Troll leather arm |       |       |       |    44 ||    44
Dodge: Dodged            |    51 |   187 |   296 |   303 ||   837

Table legend: (Time is in decaauts)
 A = Elapsed time spent in this place.
 B = Non-inter-level travel time spent in this place.
 C = Inter-level travel time spent in this place.
 D = Time resting spent in this place.
 E = Time spent auto-exploring this place.
 F = Levels seen in this place.
 G = Mean time per level.
                   A        B        C        D        E       F      G
               +--------+--------+--------+--------+--------+-----+--------+
         Total |  13744 |  13390 |    354 |   1227 |   8981 |  11 | 1249.5 |
       Dungeon |  13744 |  13390 |    354 |   1227 |   8981 |  11 | 1249.5 |
               +--------+--------+--------+--------+--------+-----+--------+

Top non-repeatable levels by time:
    D:10: 2338 daAuts
     D:6: 1606 daAuts
     D:9: 1501 daAuts
     D:2: 1459 daAuts
     D:3: 1341 daAuts
     D:5: 1226 daAuts
     D:8: 1123 daAuts
     D:1: 1085 daAuts
     D:4: 1048 daAuts
     D:7: 820 daAuts
    D:11: 190 daAuts
